 Dungeon Crawl Stone Soup version 0.17-a0-1046-ga09e34d (webtiles) character file.

225190 namelastname112 the Fencer (level 18, -8/163 HPs)
             Began as a Black Draconian Berserker on May 15, 2015.
             Was a High Priest of Trog.
             Mangled by an eight-headed hydra (13 damage)
             ... on level 4 of the Swamp.
             The game lasted 01:52:02 (47107 turns).

namelastname112 the Fencer (DrBe)                  Turns: 47107, Time: 01:52:02

Health: -8/163     AC: 19    Str: 25    XL:     18   Next: 61%
Magic:  23/23      EV: 26    Int:  7    God:    Trog [*****.]
Gold:   3218       SH:  0    Dex: 23    Spells: 0 memorised, 17 levels left

rFire  + . .     SeeInvis .     x - +4 scimitar (flame)
rCold  + + .     Clarity  .     (armour unavailable)
rNeg   + . .     SustAb   .     a - +5 shield of Leapfrog {*Confuse rCorr Dex+4}
rPois  +         Gourm    +     R - +2 hat
rElec  +         Spirit   .     d - +0 cloak {rC+}
rCorr  +         Warding  .     E - +2 pair of gloves of the Marlin {rElec rN+ Str+2}
rMut   .         Stasis   .     B - +2 pair of boots of Noon {+Fly Str+3}
MR     +....                    y - amulet of the gourmand
Stlth  +.........               T - ring of poison resistance
                                p - ring of Haucix {rElec rF+ rC+}

@: confused, flying, somewhat resistant to hostile enchantments, very unstealthy
A: breathe lightning, unfitting armour, big wings, blink 1, regeneration 1,
electricity resistance, wild magic 2, cold-blooded, AC +10
a: Breathe Lightning, Stop Flying, Blink, Burn Spellbooks, Berserk, Trog's Hand,
Brothers in Arms, Renounce Religion
}: 1/15 runes: gossamer


You were on level 4 of the Swamp.
You worshipped Trog.
Trog was extremely pleased with you.
You were full.

You visited 6 branches of the dungeon, and saw 37 of its levels.
You also visited: Ossuary and Ice Cave.

You collected 3756 gold pieces.
You spent 538 gold pieces at shops.

Inventory:

Hand weapons
 x - a +4 scimitar of flaming (weapon)
 C - the +10 demon blade of Zuafim Zosk {venom, Dex+5 Stlth-}
   (Trog gifted it to you on level 1 of the Orcish Mines)

   It poisons the flesh of those it strikes.
   It affects your dexterity (+5).
   It makes you less stealthy.
Missiles
 k - 4 throwing nets
 u - 8 javelins of penetration
 v - 16 poisoned javelins (quivered)
 X - 18 silver javelins
Armour
 a - the +5 shield of Leapfrog (worn) {*Confuse rCorr Dex+4}
   (You took it off Donald on level 4 of the Spider Nest)

   It affects your dexterity (+4).
   It protects you from acid and corrosion.
   It may confuse you when you take damage.
 d - a +0 cloak of cold resistance (worn)
 B - the +2 pair of boots of Noon (worn) {+Fly Str+3}
   (You bought it in a shop on level 4 of the Orcish Mines)

   It affects your strength (+3).
   It lets you fly.
 E - the +2 pair of gloves of the Marlin (worn) {rElec rN+ Str+2}
   (You found it on level 1 of the Swamp)

   It affects your strength (+2).
   It insulates you from electricity.
   It protects you from negative energy.
 R - a +2 hat (worn)
Rods
 s - a +0 rod of clouds (14/14)
   (You found it on level 1 of the Elven Halls)
Jewellery
 f - an uncursed amulet of rage
 p - the ring of Haucix (left hand) {rElec rF+ rC+}
   (You found it on level 1 of the Spider Nest)

   [ring of protection from cold]

   It protects you from fire.
   It protects you from cold.
   It insulates you from electricity.
 y - an amulet of the gourmand (around neck)
 J - an uncursed ring of protection from magic
 T - a ring of poison resistance (right hand)
 V - the ring "Leofesos" {rElec rF- EV+4 Str+5}
   (You found it on level 8 of the Dungeon)

   [ring of evasion]

   It affects your evasion (+4).
   It affects your strength (+5).
   It makes you vulnerable to fire.
   It insulates you from electricity.
Magical devices
 e - a wand of cold (5)
 G - a wand of fire (9)
 M - a wand of digging (13)
 O - a wand of heal wounds (1)
 P - a wand of teleportation (9)
 S - a wand of draining (4)
 U - a wand of heal wounds (5)
 Z - a wand of disintegration (11)
Scrolls
 h - 11 scrolls of teleportation
 i - a scroll of blinking
 l - 17 scrolls of remove curse
 t - 2 scrolls of magic mapping
 A - 7 scrolls of identify
 H - 5 scrolls of recharging
 L - 2 scrolls of fear
 N - 2 scrolls of fog
Potions
 j - 6 potions of haste
 m - a potion of invisibility
 o - 4 potions of ambrosia
 q - 2 potions of cancellation
 r - 10 potions of curing
 w - 3 potions of resistance
 z - 4 potions of heal wounds
 D - 4 potions of magic
 I - 4 potions of agility
 K - 6 potions of might
Miscellaneous
 c - a disc of storms
 Y - 2 phantom mirrors
Comestibles
 b - 22 bread rations
 g - 38 fruits
 n - a beef jerky
 F - 2 meat rations
 Q - a slice of pizza
 W - 12 royal jellies


   Skills:
 + Level 15.0 Fighting
 * Level 18.7 Long Blades
 - Level 11.6 Throwing
 + Level 12.9 Dodging
 * Level 15.0 Shields
 * Level 7.4 Evocations


You had 17 spell levels left.
You didn't know any spells.

Dungeon Overview and Level Annotations

Branches:
Dungeon (15/15)            Temple (0/1) D:7            Lair (8/8) D:11
  Swamp (4/4) Lair:4       Spider (4/4) Lair:4        Slime (0/6) Lair:6
    Orc (4/4) D:12            Elf (2/3) Orc:3        Vaults (0/5) D:13
 Depths (0/5) D:15

Altars:
Ashenzari
Cheibriados
Dithmenos
Gozag
Kikubaaqudgha
Makhleb
Nemelex Xobeh
Okawaru
Ru
Sif Muna
Trog
Xom
The Shining One
Beogh
Jiyva

Shops:
D:7 (   D:12 :   D:13 :   Orc:2 ?   Orc:4 *[*(   Elf:1 (   Elf:2 *

Portals:
Trove: D:14 (show abyssal rune of Zot)

Annotations:
Lair:6 1 runed door
Elf:2 5 runed doors, exclusion: Roxanne, Roxanne


Innate Abilities, Weirdness & Mutations

You can breathe wild blasts of lightning.
Your glossy black scales are hard (AC +10).
Your body does not fit into most forms of armour.
Your large and strong wings let you fly indefinitely.
You are resistant to electric shocks.
You are cold-blooded and may be slowed by cold attacks.
You can translocate small distances at will.
Your natural rate of healing is unusually fast.
Your spells are harder to cast, but more powerful.


Message History

You bump into the tree.
The eight-headed hydra misses you. The eight-headed hydra misses you.
The eight-headed hydra bites you. The eight-headed hydra misses you.
The eight-headed hydra closely misses you.
The eight-headed hydra completely misses you. x2
The eight-headed hydra misses you. The thorn hunter hits you!
* * * LOW HITPOINT WARNING * * *
The thorn hunter hits you but does no damage.
The swamp drake breathes noxious fumes at you.
The noxious blast engulfs the thorn hunter.
The thorn hunter fires a volley of thorns at you.
The volley of thorns hits you!
* * * LOW HITPOINT WARNING * * *
The eight-headed hydra completely misses you. x2
The eight-headed hydra bites you but does no damage.
The eight-headed hydra bites you.
* * * LOW HITPOINT WARNING * * *
The eight-headed hydra misses you. x2
The eight-headed hydra bites you!
You die...

,≈≈≈≈§≈§≈≈.≈≈≈.♣♣...≈≈†(♣♣≈.≈.≈♣
,,≈≈.≈≈≈≈≈.≈≈≈..≈≈≈≈≈...♣♣♣♣PP♣♣
≈,.≈≈≈≈....≈≈≈≈≈≈≈≈.$....♣♣♣♣♣♣
≈*♣♣♣♣♣.≈...≈≈.≈≈≈≈.≈≈≈≈..♣ ≈*
**♣.....≈≈≈§≈≈≈.D≈≈≈≈.♣♣* **
**,≈≈.≈♣≈≈≈≈≈§§.§≈≈≈≈≈..≈**
≈***,.≈≈≈♣..≈≈§§Dk♣≈§≈.§≈≈..≈*
≈≈,≈≈≈,≈≈♣♣.≈≈≈DfD♣♣♣..≈≈..≈≈*
**,≈≈≈≈≈**♣≈≈≈§§@§♣ ♣♣♣≈.≈♣♣♣♣
**,≈≈≈≈**≈≈.≈≈≈§.§♣ *♣♣♣♣
***,≈,***§..≈≈≈≈≈.♣ * **,≈*
*♣♣.....≈.♣* **** ♣≈♣♣♣PPPP*
♣♣**PPPPP♣ ♣♣♣≈≈≈♣ ♣♣♣♣♣


You could see a thorn hunter, an eight-headed hydra, 2 swamp dragons and a swamp
drake.

Vanquished Creatures
  Mara (Spider:3)
  3 thorn hunters
  Frances (Elf:1)
  Kirke (Spider:3)
  A frost giant (IceCv)
  Donald (Spider:4)
  4 ghost moths
  Aizul (Elf:1)
  5 emperor scorpions
  An orc warlord (Orc:4)
  A very ugly thing (Swamp:2)
  Azrael (Elf:1)
  3 deep elf death magi
  A yaktaur captain (D:14)
  An entropy weaver (Spider:3)
  21 hydras
  Harold (Lair:3)
  5 centaur warriors
  A ghost crab (Swamp:2)
  A catoblepas (D:15)
  Erica (D:9)
  2 dancing weapons (Elf:2)
  8 alligators
  A vampire mage (D:15)
  6 death yaks (Lair:7)
  4 tengu warriors
  An orc high priest (Elf:2)
  4 unseen horrors
  11 deep elf knights
  2 small abominations
  3 skeletal warriors
  A fire crab (Lair:6)
  2 spriggan druids (Swamp:2)
  5 deep elf summoners
  2 ice statues
  A shambling mangrove (Swamp:1)
  6 orc knights
  7 swamp dragons
  4 hill giants
  7 deep elf conjurers
  11 hornets
  5 cyclopes
  9 orb spiders
  4 necromancers
  A fire giant zombie (D:15)
  15 ugly things
  2 orc sorcerers
  A stone giant zombie (D:15)
  27 wolf spiders
  A griffon (D:13)
  4 moths of wrath
  A manticore (D:14)
  A spriggan zombie (D:15)
  3 elephants (Lair:8)
  3 black mambas
  26 spiny frogs
  A rust devil (Elf:2)
  2 gargoyles
  4 torpor snails
  17 demonic crawlers
  3 kobold demonologists
  The ghost of Protee the Changer, an experienced DsTm of Ru (D:5)
  5 centaur skeletons
  A fire drake (Lair:2)
  2 yaktaurs (D:14)
  A komodo dragon (shapeshifter) (Elf:1)
  9 deep elf priests
  2 trolls
  A wandering mushroom (D:14)
  8 komodo dragons
  A freezing wraith (D:14)
  A queen bee (Lair:3)
  17 polar bears
  A blue devil (Lair:8)
  6 giant leeches
  15 jumping spiders
  Grinder (D:3)
  2 two-headed ogres
  9 slime creatures
  A boulder beetle (Lair:7)
  An ice dragon zombie (D:15)
  10 ravens
  A raven (shapeshifter) (D:13)
  34 redbacks
  A blink frog (shapeshifter) (Elf:2)
  23 blink frogs
  A shadow (D:15)
  A large abomination (Elf:1)
  4 wyverns
  9 spriggans
  5 hogs (Spider:3)
  19 tarantellas
  10 deep elf fighters
  A hungry ghost (D:11)
  10 trapdoor spiders
  Eustachio (D:6)
  15 deep elf magi
  61 yaks
  31 wolves
  10 hippogriffs
  3 fire elementals (Elf:1)
  21 vampire mosquitoes
  8 basilisks
  3 wargs
  Menkaure (D:6)
  17 humans
  3 hell hounds (Elf:1)
  2 mottled dragons
  30 swamp worms
  6 sky beasts
  33 orc warriors
  10 wasps
  23 water moccasins
  7 porcupines
  3 necrophages
  A black bear (D:9)
  8 swamp drakes
  14 ice beasts
  2 eyes of draining
  41 spiders
  22 centaurs
  2 phantoms
  9 ogres
  40 giant frogs
  18 crocodiles
  8 big kobolds
  3 elf zombies (Elf:1)
  2 scorpions
  A wyvern skeleton (D:14)
  9 electric eels
  31 killer bees
  13 bog bodies
  11 crimson imps
  7 centaur zombies
  7 jellies
  24 orc wizards
  Ijyb (D:3)
  3 giant frog skeletons
  5 giant frog zombies
  13 hounds
  8 iguanas
  An iron imp (Orc:1)
  21 orc priests
  10 hell rats
  14 worker ants
  A killer bee zombie (Ossuary)
  25 sheep
  2 hound zombies
  A hound skeleton (D:5)
  3 worker ant zombies
  8 mummies (Ossuary)
  4 gnolls (D:8)
  13 adders
  76 river rats
  3 shadow imps
  5 white imps
  An ooze (D:3)
  2 adder skeletons (D:5)
  An adder zombie (Ossuary)
  8 worms
  201 orcs
  A ball python (D:4)
  7 giant cockroaches
  19 hobgoblins
  5 jackals
  10 bats
  4 giant geckos
  A giant gecko skeleton (D:5)
  3 giant gecko zombies
  4 giant newts
  23 goblins
  A jackal zombie (Ossuary)
  36 kobolds
  6 quokkas
  A quokka zombie (Ossuary)
  7 rats
  2 rat zombies (D:4)
  2 crawling corpses (Elf:1)
  A fungus (Lair:3)
  6 plants
1618 creatures vanquished.

Vanquished Creatures (collateral kills)
  Arachne (Spider:4)
  A hydra (Lair:8)
  A swamp dragon (Swamp:4)
  A hornet (Spider:4)
  A deep elf conjurer (Elf:1)
  A spiny frog (Lair:8)
  A komodo dragon (Lair:8)
  4 blink frogs
  A redback (Spider:4)
  A deep elf mage (Elf:1)
  A deep elf fighter (Elf:1)
  2 trapdoor spiders (Spider:4)
  An orc warrior (Orc:4)
  An ogre (Orc:4)
  A giant frog (Lair:8)
  2 electric eels (Spider:4)
  An orc wizard (Orc:4)
  5 orcs (Orc:4)
27 creatures vanquished.

Vanquished Creatures (others)
  A stone giant (Spider:4)
  A hill giant (Spider:4)
  A wizard (D:14)
  A cyclops (D:15)
  A troll (Swamp:4)
  2 ravens (D:15)
  A redback (Spider:3)
  An ogre (Swamp:4)
  2 lost souls (Elf:2)
  An orc (Orc:4)
  2 briar patches (Swamp:2)
  12 fungi
  14 plants
40 creatures vanquished.

Grand Total: 1685 creatures vanquished

Notes
Turn   | Place    | Note
--------------------------------------------------------------
     0 | D:1      | namelastname112 the Draconian Berserker began the quest for the Orb.
     0 | D:1      | Reached XP level 1. HP: 19/19 MP: 1/1
   239 | D:1      | Reached XP level 2. HP: 16/26 MP: 2/2
   885 | D:2      | Reached XP level 3. HP: 25/31 MP: 3/3
  1822 | D:3      | Found a shadowy altar of Dithmenos.
  1824 | D:3      | Reached skill level 4 in Long Blades
  1831 | D:3      | Acquired Trog's second power
  1980 | D:3      | Noticed Grinder
  1998 | D:3      | Paralysed by Grinder for 5 turns
  2005 | D:3      | Killed Grinder
  2005 | D:3      | Reached skill level 5 in Long Blades
  2005 | D:3      | Reached XP level 4. HP: 17/41 MP: 4/4
  2005 | D:3      | Reached XP level 5. HP: 19/47 MP: 5/5
  2320 | D:3      | Found an opulent altar of Gozag.
  2320 | D:3      | Noticed Ijyb
  2330 | D:3      | Killed Ijyb
  2330 | D:3      | Reached XP level 6. HP: 53/53 MP: 6/6
  2837 | D:4      | Found a sand-covered staircase.
  2847 | Ossuary  | Entered an ossuary
  2882 | Ossuary  | Reached skill level 5 in Fighting
  2882 | Ossuary  | Reached skill level 6 in Long Blades
  2989 | Ossuary  | Your scales start taking on a glossy black colour.
  2989 | Ossuary  | Gained mutation: You are resistant to electric shocks. [Black Draconian growth]
  2989 | Ossuary  | Reached XP level 7. HP: 38/61 MP: 7/7
  3002 | Ossuary  | HP: 1/61 [mummy (13)]
  3476 | Ossuary  | Reached skill level 7 in Long Blades
  4109 | D:4      | Reached XP level 8. HP: 70/70 MP: 8/8
  4141 | D:4      | Reached skill level 5 in Dodging
  4591 | D:5      | Entered Level 5 of the Dungeon
  4714 | D:5      | Found a staircase to the Ecumenical Temple.
  4779 | D:5      | Found an iron altar of Okawaru.
  4809 | D:5      | Reached skill level 8 in Long Blades
  5136 | D:5      | Noticed Protee's ghost (experienced DsTm)
  5153 | D:5      | Killed Protee's ghost
  5153 | D:5      | Reached skill level 9 in Long Blades
  5210 | D:5      | Reached XP level 9. HP: 68/79 MP: 9/9
  5433 | D:5      | Found a burning altar of Makhleb.
  5493 | D:5      | Found a shimmering altar of Xom.
  5667 | D:6      | Received a gift from Trog
  5924 | D:6      | Noticed Menkaure
  5935 | D:6      | Killed Menkaure
  6159 | D:6      | Reached skill level 10 in Long Blades
  6513 | D:6      | Noticed Eustachio
  6524 | D:6      | Acquired Trog's third power
  6524 | D:6      | Received a gift from Trog
  6540 | D:6      | Killed Eustachio
  6849 | D:7      | Noticed a kobold demonologist
  6973 | D:7      | Killed a kobold demonologist
  6973 | D:7      | Reached skill level 1 in Throwing
  7039 | D:7      | Found Kentuah's Antique Weapon Shoppe.
  7070 | D:7      | Bought a runed blowgun for 55 gold pieces
  7215 | D:7      | Found a staircase to the Ecumenical Temple.
  7310 | D:7      | Reached XP level 10. HP: 70/88 MP: 10/10
  7387 | D:7      | Found an ancient bone altar of Kikubaaqudgha.
  7732 | D:8      | Got a coiled bronze ring
  7773 | D:8      | Found a shattered altar of Ashenzari.
  7778 | D:8      | Found a sacrificial altar of Ru.
  7824 | D:8      | Got a crystal falchion
  7825 | D:8      | Identified the cursed +3 falchion of Oenomania {flame, rF+} (You found it on level 8 of the Dungeon)
  7900 | D:8      | Received a gift from Trog
  8092 | D:8      | Found a glowing golden altar of the Shining One.
  8401 | D:9      | Reached skill level 11 in Long Blades
  8509 | D:9      | Found a sacrificial altar of Ru.
  8570 | D:9      | Gained mutation: Your mind is acute. (Int +2) [mutagenic meat]
  8571 | D:9      | Gained mutation: Your large and strong wings let you fly indefinitely. [mutagenic meat]
  8572 | D:9      | Gained mutation: Your muscles are strong. (Str +2) [mutagenic meat]
  8573 | D:9      | Gained mutation: Your tail ends in a poisonous barb. [mutagenic meat]
  8574 | D:9      | Lost mutation: Your tail ends in a poisonous barb. [mutagenic meat]
  8575 | D:9      | Gained mutation: Your mind is very acute. (Int +4) [mutagenic meat]
  8584 | D:9      | Identified a scroll of acquirement
  8992 | D:9      | Noticed Erica
  9008 | D:9      | Killed Erica
  9352 | D:10     | Entered Level 10 of the Dungeon
  9365 | D:10     | Received a gift from Trog
  9376 | D:10     | Reached XP level 11. HP: 97/97 MP: 11/11
  9380 | D:10     | Reached skill level 5 in Throwing
  9507 | D:10     | Identified the ring "Leofesos" {rElec rF- EV+4 Str+5} (You found it on level 8 of the Dungeon)
  9552 | D:10     | Found a deep blue altar of Sif Muna.
 10051 | D:11     | Noticed a hill giant
 10064 | D:11     | Killed a hill giant
 10064 | D:11     | Reached skill level 12 in Long Blades
 10485 | D:11     | Received a gift from Trog
 11091 | D:11     | Found a glowing golden altar of the Shining One.
 11110 | D:11     | Noticed a four-headed hydra
 11120 | D:11     | Killed a one-headed hydra
 11528 | D:11     | Found a staircase to the Lair.
 11594 | D:11     | Received a gift from Trog
 11796 | D:11     | Received a gift from Trog
 11840 | Lair:1   | Entered Level 1 of the Lair of Beasts
 11872 | Lair:1   | Found a frozen archway.
 11904 | Lair:1   | Reached skill level 10 in Fighting
 11943 | IceCv    | Entered an ice cave
 11989 | IceCv    | Reached XP level 12. HP: 62/106 MP: 12/12
 12494 | IceCv    | Reached skill level 13 in Long Blades
 12647 | IceCv    | Noticed a frost giant
 12655 | IceCv    | Killed a frost giant
 12655 | IceCv    | Reached skill level 1 in Shields
 12808 | IceCv    | Noticed an ice statue
 12912 | IceCv    | Killed an ice statue
 13757 | Lair:1   | Received a gift from Trog
 13974 | Lair:1   | Received a gift from Trog
 15763 | Lair:3   | Noticed Harold
 15776 | Lair:3   | Killed Harold
 16066 | Lair:3   | Reached skill level 14 in Long Blades
 16082 | Lair:3   | Reached XP level 13. HP: 116/116 MP: 13/13
 16086 | Lair:3   | Reached skill level 5 in Shields
 16670 | Lair:3   | Received a gift from Trog
 17871 | Lair:4   | Found a staircase to the Swamp.
 17918 | Lair:4   | Received a gift from Trog
 18037 | Lair:4   | Lost mutation: Your large and strong wings let you fly indefinitely. [potion of mutation]
 18037 | Lair:4   | Gained mutation: Your spells are a little harder to cast, but a little more powerful. [potion of mutation]
 18037 | Lair:4   | Gained mutation: Potions and wands are less effective at restoring your health. [potion of mutation]
 18038 | Lair:4   | Lost mutation: Your mind is very acute. (Int +4) [potion of mutation]
 18038 | Lair:4   | Gained mutation: You have a pair of small horns on your head. [potion of mutation]
 18178 | Lair:4   | Found a hole to the Spider Nest.
 18489 | Lair:5   | Received a gift from Trog
 19014 | Lair:5   | Received a gift from Trog
 19580 | Lair:5   | Reached skill level 10 in Dodging
 20278 | Lair:6   | Found a snail-covered altar of Cheibriados.
 20394 | Lair:6   | Found a runed door.
 20394 | Lair:6   | Found a viscous altar of Jiyva.
 20394 | Lair:6   | Noticed an acid blob
 20395 | Lair:6   | Found a staircase to the Slime Pits.
 20395 | Lair:6   | Noticed an acid blob
 20395 | Lair:6   | Noticed an acid blob
 21434 | Lair:7   | Gained mutation: Your large and strong wings let you fly indefinitely. [Black Draconian growth]
 21434 | Lair:7   | Reached XP level 14. HP: 125/125 MP: 14/14
 22040 | Lair:7   | Received a gift from Trog
 22090 | Lair:8   | Entered Level 8 of the Lair of Beasts
 22103 | Lair:7   | Reached skill level 15 in Long Blades
 23730 | Lair:8   | Received a gift from Trog
 25729 | D:12     | Received a gift from Trog
 25731 | D:12     | Found a staircase to the Orcish Mines.
 25988 | D:12     | Gained mutation: You expend magic power (3 MP) to strengthen your wands. [mutagenic meat]
 25989 | D:12     | Lost mutation: Potions and wands are less effective at restoring your health. [mutagenic meat]
 25990 | D:12     | Gained mutation: Your tail ends in a poisonous barb. [mutagenic meat]
 25993 | D:12     | Gained mutation: You can translocate small distances at will. [mutagenic meat]
 26152 | D:12     | Received a gift from Trog
 26363 | D:12     | Found Wukeruc's Book Shoppe.
 26890 | Orc:1    | Entered Level 1 of the Orcish Mines
 27004 | Orc:1    | Reached skill level 10 in Throwing
 27296 | Orc:2    | Found Jalily's Magic Scroll Boutique.
 27310 | Orc:2    | Bought a scroll of magic mapping for 52 gold pieces
 27492 | Orc:1    | Found a roughly hewn altar of Beogh.
 27509 | Orc:1    | Received a gift from Trog
 27659 | Orc:1    | Received a gift from Trog
 27663 | Orc:1    | Got a jewelled demon blade {god gift}
 27664 | Orc:1    | Identified the +10 demon blade of Zuafim Zosk {venom, Dex+5 Stlth-} (Trog gifted it to you on level 1 of the Orcish Mines)
 27751 | Orc:1    | Reached skill level 10 in Shields
 27904 | Orc:3    | Found a roughly hewn altar of Beogh.
 28028 | Orc:3    | Found a staircase to the Elven Halls.
 28250 | Orc:4    | Entered Level 4 of the Orcish Mines
 28261 | Orc:4    | Reached XP level 15. HP: 99/134 MP: 15/15
 28381 | Orc:4    | Received a gift from Trog
 28967 | Orc:4    | Found Upaolu's General Store.
 28967 | Orc:4    | Found Gicous's Antique Armour Boutique.
 28967 | Orc:4    | Found Cetaa's General Store.
 29059 | Orc:4    | Received a gift from Trog
 29352 | Orc:4    | Found Bysuq's Antique Weapon Shoppe.
 29359 | Orc:4    | Bought a pair of polished boots for 218 gold pieces
 29361 | Orc:4    | Bought a potion of curing for 45 gold pieces
 29371 | Orc:4    | Identified the +2 pair of boots of Noon {+Fly Str+3} (You bought it in a shop on level 4 of the Orcish Mines)
 29721 | Orc:4    | Noticed an orc warlord
 29734 | Orc:4    | Killed an orc warlord
 30318 | D:13     | Gained mutation: You heal slowly when monsters are visible. [mutagenic meat]
 30320 | D:13     | Gained mutation: Your spells are harder to cast, but more powerful. [mutagenic meat]
 30367 | D:13     | Received a gift from Trog
 30473 | D:13     | Reached skill level 16 in Long Blades
 30574 | D:13     | Gained mutation: Your mind is very acute. (Int +4) [mutagenic meat]
 30575 | D:13     | Lost mutation: Your muscles are strong. (Str +2) [mutagenic meat]
 30576 | D:13     | Gained mutation: You are clumsy. (Dex -2) [mutagenic meat]
 30587 | D:13     | Found a gate to the Vaults.
 30609 | D:13     | Received a gift from Trog
 30638 | D:13     | Found Coth's Book Emporium.
 31205 | D:14     | Received a gift from Trog
 31440 | D:14     | Found a bloodstained altar of Trog.
 31446 | D:14     | Found a sparkling altar of Nemelex Xobeh.
 31754 | D:14     | Gained mutation: Your muscles are strong. (Str +2) [mutagenic meat]
 31759 | D:14     | Gained mutation: You occasionally shout uncontrollably at your foes. [mutagenic meat]
 31892 | D:14     | Found a portal to a secret trove of treasure.
 31923 | D:14     | Received a gift from Trog
 32383 | D:14     | Found a gate to the Vaults.
 32488 | D:14     | Gained mutation: You have sharp toenails. [mutagenic meat]
 32492 | D:14     | Lost mutation: You have sharp toenails. [mutagenic meat]
 32781 | D:14     | Received a gift from Trog
 33198 | D:15     | Entered Level 15 of the Dungeon
 33212 | D:15     | Found a snail-covered altar of Cheibriados.
 33450 | D:15     | Found a staircase to the Depths.
 33797 | D:15     | Reached XP level 16. HP: 111/144 MP: 16/16
 34114 | D:15     | Lost mutation: You have a pair of small horns on your head. [mutagenic meat]
 34723 | Elf:1    | Entered Level 1 of the Elven Halls
 35142 | Elf:1    | Received a gift from Trog
 35419 | Elf:1    | Identified the Grimoire of Evil
 35445 | Elf:1    | Noticed Aizul
 35466 | Elf:1    | Killed Aizul
 35494 | Elf:1    | Lost mutation: Your mind is very acute. (Int +4) [mutagenic meat]
 35495 | Elf:1    | Gained mutation: You tend to lose your temper in combat. [mutagenic meat]
 35497 | Elf:1    | Lost mutation: Your muscles are strong. (Str +2) [mutagenic meat]
 35528 | Elf:1    | Received a gift from Trog
 35890 | Elf:1    | Noticed Azrael
 35902 | Elf:1    | Killed Azrael
 35902 | Elf:1    | Reached skill level 17 in Long Blades
 36166 | Elf:1    | Received a gift from Trog
 36240 | Elf:1    | Noticed Frances
 36252 | Elf:1    | Killed Frances
 36255 | Elf:1    | Found Jushaz's Weapon Shop.
 36602 | Elf:2    | Noticed Roxanne
 36649 | Elf:2    | Received a gift from Trog
 37162 | Elf:2    | Received a gift from Trog
 37391 | Elf:2    | Found a huge runed gate.
 37391 | Elf:2    | Found a huge runed gate.
 37391 | Elf:2    | Found a huge runed gate.
 37394 | Elf:2    | Found a huge runed gate.
 37401 | Elf:2    | Found a huge runed gate.
 37535 | Elf:2    | Found Izikimei's Assorted Antiques.
 37584 | Elf:2    | Bought a gold wand for 84 gold pieces
 37584 | Elf:2    | Bought a curved wooden wand for 84 gold pieces
 37594 | Elf:2    | Identified a +0 rod of clouds (14/14) (You found it on level 1 of the Elven Halls)
 37917 | Lair:1   | Lost mutation: You are clumsy. (Dex -2) [potion of cure mutation]
 37917 | Lair:1   | Lost mutation: You expend magic power (3 MP) to strengthen your wands. [potion of cure mutation]
 37917 | Lair:1   | Lost mutation: You occasionally shout uncontrollably at your foes. [potion of cure mutation]
 37917 | Lair:1   | Lost mutation: Your mind is acute. (Int +2) [potion of cure mutation]
 37917 | Lair:1   | Lost mutation: Your tail ends in a poisonous barb. [potion of cure mutation]
 37918 | Lair:1   | Lost mutation: You tend to lose your temper in combat. [potion of cure mutation]
 37918 | Lair:1   | Lost mutation: You heal slowly when monsters are visible. [potion of cure mutation]
 37919 | Lair:1   | Gained mutation: Your natural rate of healing is unusually fast. [potion of beneficial mutation]
 38008 | Spider:1 | Entered Level 1 of the Spider Nest
 38351 | Spider:1 | Got a fine tin ring
 38352 | Spider:1 | Identified the ring of Haucix {rElec rF+ rC+} (You found it on level 1 of the Spider Nest)
 38816 | Spider:2 | Reached XP level 17. HP: 132/152 MP: 17/17
 38947 | Spider:2 | Received a gift from Trog
 39575 | Spider:2 | Reached skill level 1 in Evocations
 39796 | Spider:3 | Noticed Mara
 39800 | Spider:3 | Noticed namelastname112's illusion
 40030 | Spider:3 | Noticed namelastname112's illusion
 40148 | Spider:3 | Killed Mara
 40289 | Spider:3 | Noticed Kirke
 40364 | Spider:3 | Received a gift from Trog
 40448 | Spider:3 | Killed Kirke
 40880 | Spider:3 | Reached skill level 18 in Long Blades
 41006 | Spider:4 | Entered Level 4 of the Spider Nest
 41115 | Spider:4 | Noticed Arachne
 41340 | Spider:4 | Killed Arachne
 41406 | Spider:4 | Noticed Donald
 41450 | Spider:4 | Killed Donald
 41455 | Spider:4 | Got a faintly glowing shield {Donald}
 41456 | Spider:4 | Identified the +5 shield of Leapfrog {*Confuse rCorr Dex+4} (You took it off Donald on level 4 of the Spider Nest)
 41773 | Spider:4 | Received a gift from Trog
 42885 | Spider:4 | Reached skill level 5 in Evocations
 43275 | Spider:4 | Got a gossamer rune of Zot
 43413 | Spider:4 | Reached XP level 18. HP: 131/161 MP: 0/22
 43875 | Swamp:1  | Entered Level 1 of the Swamp
 43932 | Swamp:1  | Received a gift from Trog
 44572 | Swamp:1  | Got a pair of jewelled gloves
 44584 | Swamp:1  | Identified the +2 pair of gloves of the Marlin {rElec rN+ Str+2} (You found it on level 1 of the Swamp)
 45904 | Swamp:3  | Received a gift from Trog
 46572 | Swamp:3  | Reached skill level 15 in Shields
 46866 | Swamp:4  | Entered Level 4 of the Swamp
 46998 | Swamp:3  | Reached skill level 15 in Fighting
 47051 | Swamp:4  | Received a gift from Trog
 47107 | Swamp:4  | HP: 7/163 [thorn hunter/volley of thorns (39)]
 47107 | Swamp:4  | Mangled by an eight-headed hydra

Vault maps used:
D:1:      dpeg_arrival_simpleton_c, grunt_decor_resistance
D:2:      first_bread, minmay_misc_feat_encased
D:3:      old_standard_altar, hangedman_decor_opposing, grunt_dithmenos_smoke,
          uniq_grinder, uniq_iyjb
D:4:      enter_ossuary_4
D:5:      lemuel_round_altar, lemuel_coloured_pillars_altar,
          minmay_temple_entry_butterflies, okawaru_trees_2
D:6:      kennysheep_nub, uniq_menkaure, uniq_eustachio
D:7:      temple_fountains, serial_shops, nicolae_shop_trees, basic_altar
D:8:      grunt_temple_overflow_open
D:9:      basic_altar, the_bakery, uniq_erica
D:10:     basic_altar
D:11:     erik_lair_island, tso_metal_star
D:12:     hiddenorc2_lemuel, serial_shops, nicolae_shop_behind_doors
D:13:     david_vaults_3, serial_shops, nicolae_shop_statue_plus
D:14:     david_vaults_2, nemelex_xobeh_ov_fountains_minmay, enter_trove_1,
          fungi_pond_lemuel, minmay_misc_feat_roman, trog_wizard
D:15:     gammafunk_depths_entry_grave, cheibriados_altar_1,
          serial_bayou_pond_e, lemuel_flame_loot_1
Lair:1:   portal_ice_cave_entry_ice_beasts, serial_bayou_shore_a,
          infiniplex_staircase_pool
Lair:2:   minivault_19, grunt_forest_small_clearings, serial_bayou_lagoon_a,
          hangedman_lair_unloving_vines
Lair:3:   eino_small_chamber_without_monster, grunt_megastairs_1,
          serial_bayou_shore_b, uniq_harold
Lair:4:   minmay_swamp_entry_eels, spider_nest_entry_a
Lair:5:   kennysheep_basilisk_garden
Lair:6:   slime_altar_2, basic_altar, bh_autumn_forest_stairs
Lair:7:   grunt_forest_stairs_basic, grunt_megastairs_3
Lair:8:   minmay_lair_end_frog_pond, serial_bayou_pond_d, ice2_lemuel,
          lemuel_fruit_tree
Swamp:1:  evilmike_swamp_ruin_house_5, swamp_pool3, roderic_ravens_nest,
          nicolae_swamp_orc_logging_accident
Swamp:2:  nicolae_swamp_very_dense_foliage, swamp_pool1
Swamp:3:  serial_swamp_ruin, hangedman_swamp_ruin_hall,
          evilmike_swamp_ruin_house_1, hangedman_swamp_ruin_wall, swamp_pool5,
          st_swamp_ruins_3
Swamp:4:  swamp, roderic_carrion_pond
Spider:1: worms_lemuel
Spider:3: uniq_kirke, uniq_mara
Spider:4: spider_rune_water, nicolae_spider_cling_ruins, uniq_donald,
          uniq_arachne
Orc:1:    basic_altar, hangedman_minor_magic
Orc:2:    serial_shops, shop
Orc:3:    basic_altar, nicolae_orc_pool_cavern
Orc:4:    st_orc_rangers
Elf:1:    eino_elf_arrival_shootout, serial_shops, nicolae_shop_waterfront,
          minmay_elf_necromancy, nicolae_elf_w_pinch, nooodl_food_tri,
          uniq_azrael, uniq_frances, uniq_aizul
Elf:2:    serial_shops, shop, uniq_roxanne, uniq_agnes
Ossuary:  ossuary_zaba_flooded
IceCv:    ice_cave_small_giant

Action                   |  1- 3 |  4- 6 |  7- 9 | 10-12 | 13-15 | 16-18 || total
-------------------------+-------+-------+-------+-------+-------+-------++-------
Melee: Falchion          |    99 |   126 |   666 |   235 |       |       ||  1126
       Unarmed           |       |     1 |       |       |       |       ||     1
       Scimitar          |       |       |       |   615 |  1337 |    79 ||  2031
       Demon blade       |       |       |       |       |   719 |  1576 ||  2295
Throw: Javelin           |       |       |       |    17 |    52 |    33 ||   102
       Throwing net      |       |       |       |     1 |     2 |     1 ||     4
Invok: Berserk           |     2 |       |     5 |     8 |     8 |     1 ||    24
       Trog's Hand       |     1 |       |     2 |     1 |     4 |     3 ||    11
       Burn Spellbooks   |       |       |       |     2 |     4 |       ||     6
       Brothers in Arms  |       |       |       |     2 |     2 |     7 ||    11
 Abil: Breathe Lightning |       |       |     3 |     2 |     1 |       ||     6
       Fly               |       |       |       |     1 |       |     1 ||     2
       Blink             |       |       |       |       |       |     1 ||     1
Evoke: Wand              |       |       |       |       |       |     1 ||     1
  Use: Scroll            |     7 |       |       |    18 |    11 |    12 ||    48
       Potion            |     2 |       |     1 |       |     3 |     7 ||    13
 Stab: Sleeping          |       |     2 |     1 |     1 |     4 |       ||     8
       Distracted        |       |       |     1 |     1 |     2 |     1 ||     5
       Held in net/web   |       |       |       |       |       |     2 ||     2
  Eat: Chunk             |     4 |       |    26 |    43 |    95 |    37 ||   205
       Meat ration       |       |     1 |       |       |       |     2 ||     3
       Pizza             |       |       |     2 |       |       |     1 ||     3
       Royal jelly       |       |       |     1 |       |       |       ||     1
       Beef jerky        |       |       |       |       |       |     3 ||     3
